 Dungeon Crawl Stone Soup version 0.20.1-1-g8b1a95d (webtiles) character file.

907 Kingsmith the Conjurer (level 7, -3/47 HPs)
             Began as a Mummy Conjurer on Dec 6, 2017.
             Slain by a centaur (5 damage)
             ... on level 5 of the Dungeon.
             The game lasted 00:11:02 (4763 turns).

Kingsmith the Conjurer (Mummy Conjurer)             Turns: 4763, Time: 00:11:04

Health: -3/47      AC:  2    Str: 11    XL:     7   Next: 81%
Magic:  1/11       EV: 12    Int: 17    God:
Gold:   239        SH:  0    Dex: 12    Spells: 1/11 levels left

rFire    x . .     SeeInvis .   h - +2 spear (pain)
rCold    + . .     Gourm    .   (no shield)
rNeg     + + +     Faith    .   a - +0 robe
rPois    ∞         Spirit   .   (no helmet)
rElec    .         Reflect  .   (no cloak)
rCorr    .         Harm     .   (no gloves)
MR       .....                  (no boots)
Stlth    ++........             (no amulet)
Regen    0.2/turn               g - ring of flight
MPRegen  0.2/turn               (no ring)

@: about to teleport
A: no food or potions, fire vulnerability, cold resistance 1, negative energy
resistance 3, torment resistance, unbreathing
a: Evoke Flight


You were on level 5 of the Dungeon.
You were not hungry.

You visited 1 branch of the dungeon, and saw 5 of its levels.

You collected 239 gold pieces.

Inventory:

Hand Weapons
 h - a +2 spear of pain (weapon)
Armour
 a - a +0 robe (worn)
Jewellery
 g - a ring of flight (left hand)
 j - an uncursed ring of stealth
 p - a cursed ring of teleportation {unknown}
 u - a +4 ring of evasion {unknown}
 v - an uncursed ring of protection from fire {unknown}
Wands
 d - a wand of digging (5/24)
 n - a wand of random effects (30/48)
 o - a wand of polymorph (5/24)
 s - a wand of disintegration (13/24)
Scrolls
 c - a scroll of fog
 e - a scroll of enchant armour {unknown}
 f - 2 scrolls of remove curse
 i - a scroll of teleportation
 k - a scroll of immolation {unknown}
 l - a scroll of noise {unknown}
 m - a scroll of magic mapping {unknown}
 q - a scroll of enchant weapon {unknown}
 r - a scroll of identify
Books
 b - a book of Conjurations

   Spells                             Type                      Level
   a - Magic Dart                     Conjuration                  1
   b - Searing Ray                    Conjuration                  2
   c - Dazzling Spray                 Conjuration/Hexes            3
   d - Fulminant Prism                Conjuration/Hexes            4
   e - Force Lance                    Conjuration/Translocation    4
   f - Iskenderun's Mystic Blast      Conjuration                  4
 t - a book of Maledictions

   Spells                             Type                      Level
   a - Corona                         Hexes                        1
   b - Ensorcelled Hibernation        Hexes/Ice                    2
   c - Confuse                        Hexes                        3
   d - Tukima's Dance                 Hexes                        3
   e - Dazzling Spray                 Conjuration/Hexes            3


   Skills:
 * Level 0.6 Fighting
 - Level 1.5 Dodging
 - Level 1.5 Stealth
 - Level 2.6 Spellcasting
 - Level 6.8 Conjurations
 - Level 4.6 Hexes


You had one spell level left.
You knew the following spells:

 Your Spells              Type           Power        Failure   Level  Hunger
a - Magic Dart            Conj           ####         1%          1    N/A
b - Searing Ray           Conj           ####..       1%          2    N/A
c - Dazzling Spray        Conj/Hex       ###...       4%          3    N/A
d - Force Lance           Conj/Tloc      ##......     41%         4    N/A

Dungeon Overview and Level Annotations

Branches:
Dungeon (5/15)
 Temple: D:4-7

Altars:

Shops:
D:4 (


Innate Abilities, Weirdness & Mutations

You do not eat or drink.
Your flesh is vulnerable to fire.
You are immune to poison.
Your flesh is cold resistant. (rC+)
You are immune to negative energy. (rN+++)
You are immune to unholy pain and torment.
You can survive without breathing.


Message History

* * * LOW HITPOINT WARNING * * *
You hit the centaur.
The centaur is moderately wounded.
The centaur hits you.
* * * LOW HITPOINT WARNING * * *
The centaur closely misses you.
You hit the centaur but do no damage.
The centaur is moderately wounded.
The centaur hits you but does no damage.
The centaur misses you.
As you read the scroll of teleportation, it crumbles to dust.
You feel strangely unstable. The centaur barely misses you.
You hit the centaur but do no damage.
The centaur is moderately wounded.
The centaur closely misses you.
The centaur hits you but does no damage.
You closely miss the centaur.
The centaur is moderately wounded.
The centaur hits you.
You die...

#### ..... #######
......########<....#
......c@)(.......#.#
......##########.#.#
..... #.#.## ####
#.#..# #.#.## #.#.#
#.#.# #.#.## #....#


You could see a centaur.

Vanquished Creatures
  Sigmund (D:2)
  2 ogres (D:4)
  Blork the orc (D:4)
  A scorpion (D:4)
  2 hounds (D:4)
  Terence (D:3)
  Natasha (thrice) (D:3)
  2 worker ants (D:4)
  2 orc wizards
  4 adders
  7 gnolls (D:2)
  A howler monkey skeleton (D:5)
  2 adder skeletons (D:4)
  A worm (D:1)
  2 dart slugs
  3 leopard geckos
  11 orcs
  2 ball pythons
  A giant cockroach (D:4)
  8 goblins
  6 hobgoblins
  A jackal (D:1)
  2 quokkas
  A ball python skeleton (D:4)
  5 bats
  3 frilled lizards
  5 kobolds
  4 rats
84 creatures vanquished.

Notes
Turn   | Place    | Note
-------+----------+-------------------------------------------
     0 | D:1      | Kingsmith the Mummy Conjurer began the quest for the Orb.
     0 | D:1      | Reached XP level 1. HP: 13/13 MP: 4/4
   450 | D:1      | Reached XP level 2. HP: 13/19 MP: 5/5
   456 | D:1      | Learned a level 2 spell: Searing Ray
  1055 | D:1      | Reached skill level 4 in Conjurations
  1534 | D:2      | Reached XP level 3. HP: 24/24 MP: 2/7
  1823 | D:2      | Noticed Sigmund
  1854 | D:2      | Killed Sigmund
  1854 | D:2      | Reached skill level 5 in Conjurations
  1854 | D:2      | Reached XP level 4. HP: 9/30 MP: 0/8
  1854 | D:2      | Reached XP level 5. HP: 11/35 MP: 0/9
  2150 | D:2      | Reached skill level 6 in Conjurations
  2184 | D:2      | Reached XP level 6. HP: 3/41 MP: 0/10
  3235 | D:3      | Noticed Natasha
  3239 | D:3      | Killed Natasha
  3270 | D:3      | Noticed Natasha
  3273 | D:3      | Killed Natasha
  3331 | D:3      | Noticed Terence
  3338 | D:3      | Killed Terence
  3567 | D:3      | Noticed Natasha
  3576 | D:3      | Killed Natasha
  3742 | D:4      | Learned a level 3 spell: Dazzling Spray
  3747 | D:4      | Learned a level 4 spell: Force Lance
  3805 | D:4      | Noticed Blork the orc
  3815 | D:4      | Killed Blork the orc
  3815 | D:4      | Reached skill level 1 in Hexes
  3815 | D:4      | Reached XP level 7. HP: 35/46 MP: 2/11
  4456 | D:4      | Found Padghumm's Antique Weapon Shop.
  4696 | D:5      | Entered Level 5 of the Dungeon
  4759 | D:5      | HP: 2/47 [centaur (6)]
  4763 | D:5      | Slain by a centaur

Skill      XL: |  1  2  3  4  5  6  7 |
---------------+----------------------+-----
Conjurations   | 4 5 6 |  6.8
Hexes          | 1 4 |  4.6
Fighting       | |  0.6
Dodging        | |  1.5
Stealth        | |  1.5
Spellcasting   | |  2.6

Action                   |  1- 3 |  4- 6 |  7- 9 || total
-------------------------+-------+-------+-------++-------
Melee: Club              |    36 |       |       ||    36
       Unarmed           |     3 |       |       ||     3
       Spear             |     9 |    63 |    40 ||   112
 Cast: Magic Dart        |    44 |    26 |    24 ||    94
       Searing Ray       |     5 |    13 |     9 ||    27
  Use: Scroll            |       |     3 |     6 ||     9
 Stab: Sleeping          |       |     3 |     1 ||     4
Armor: Robe              |    11 |     1 |     7 ||    19
Dodge: Dodged            |    55 |    49 |    33 ||   137
